 Dungeon Crawl Stone Soup version 0.30-a0-374-g95c0257040 (webtiles) character file.

Game seed: 558498175559380262

48 pokeman the Magician (level 3, -2/20 HPs)
             Began as a Deep Elf Hedge Wizard on Nov 26, 2022.
             Splashed by a jelly's acid (9 damage)
             ... on level 2 of the Dungeon.
             The game lasted 00:02:39 (1671 turns).

pokeman the Magician (Deep Elf Hedge Wizard)        Turns: 1671, Time: 00:02:41

Health: -2/20      AC:  0    Str:  7    XL:     3   Next: 50%
Magic:  10/11      EV: 13    Int: 25    God:
Gold:   90         SH:  0    Dex: 18    Spells: 4/12 levels left

rFire   . . .      SeeInvis .    j - +1 short sword (speed)
rCold   . . .      Faith    .    (no shield)
rNeg    . . .      Spirit   .    k - +1 robe of Slimy Creativity {rElec Will- Int+5 Dex+4}
rPois   .          Reflect  .    c - +0 hat
rElec   +          Harm     .    (no cloak)
rCorr   .          Rampage  .    (no gloves)
Will    .....                    (no boots)
Stlth   ++........               (no amulet)
HPRegen 0.23/turn                (no ring)
MPRegen 0.12/turn                (no ring)

@: corroded
A: no striking features
a: no special abilities


You were on level 2 of the Dungeon.
You visited 1 branch of the dungeon, and saw 2 of its levels.

You collected 90 gold pieces.

Inventory:

Hand Weapons
 j - a +1 short sword of speed (weapon)
Armour
 c - a +0 hat (worn)
 k - the +1 robe of Slimy Creativity (worn) {rElec Will- Int+5 Dex+4}
   (You found it on level 2 of the Dungeon)

   Int:       It affects your intelligence (+5).
   Dex:       It affects your dexterity (+4).
   rElec:     It insulates you from electricity.
   Will:      It decreases your willpower.
Scrolls
 b - 2 scrolls of teleportation {unknown}
 f - a scroll of silence {unknown}
 g - a scroll of poison {unknown}
 h - a scroll of butterflies {unknown}
 l - a scroll of identify {unknown}
Potions
 a - a potion of heal wounds {unknown}
 d - a potion of magic
 e - a potion of degeneration {unknown}
 i - a potion of lignification {unknown}


   Skills:
 - Level 1.0 Fighting
 + Level 1.0 Armour
 + Level 2.4 Dodging
 - Level 2.4 Stealth
 * Level 5.2 Spellcasting
 + Level 1.8 Conjurations
 - Level 1.1 Summonings
 - Level 1.1 Translocations


You had 4 spell levels left.
You knew the following spells:

 Your Spells              Type           Power      Damage    Failure   Level
a - Magic Dart            Conj           60%        1d6       3%          1
b - Mephitic Cloud        Conj/Pois/Air  9%         N/A       19%         3
c - Call Imp              Summ           12%        N/A       8%          2
d - Blink                 Tloc           24%        N/A       8%          2

Your spell library contained the following spells:

 Spells                   Type           Power      Damage    Failure   Level
 Beastly Appendage        Tmut           12%        N/A       9%          1
 Slow                     Hex            24%        N/A       9%          1
 Cigotuvi's Dreadful Rot  Necr/Pois/Air  12%        N/A       12%         2
 Wereblood                Tmut           6%         N/A       12%         2
 Spider Form              Tmut/Pois      6%         N/A       24%         3


Dungeon Overview and Level Annotations

Branches:
Dungeon (2/15)

Altars:


Message History

You hit the endoplasm.
The endoplasm is almost dead.
The endoplasm hits you but does no damage.
You hit the endoplasm but do no damage.
The endoplasm is almost dead.
The endoplasm hits you but does no damage.
You hit the endoplasm.
You kill the endoplasm!
A jelly and 5 endoplasms come into view.
Found four items.
The endoplasm quivers.
The endoplasm hits the fungus.
The fungus begins to die.
The jelly hits the fungus.
The fungus is splashed with acid.
The jelly barely misses you.
The endoplasm hits the fungus.
The endoplasm completely misses you.
The jelly quivers.
The endoplasm quivers.
There is an open door here.
The endoplasm attacks as you move away! The endoplasm misses you.
Unknown command.
You hit the jelly.
Your hands burn!
The jelly is lightly wounded.
The jelly hits you but does no damage.
You hit the jelly.
Your hands burn!
The jelly is heavily wounded.
The jelly hits you but does no damage.
You hit the jelly.
Your hands burn!
The jelly is heavily wounded.
You hit the jelly.
Your hands burn!
The jelly is severely wounded.
The jelly hits you but does no damage.
Unknown command.
Casting: Magic Dart (safe; 3% risk of failure)
Confirm with . or Enter, or press ? or * to list all spells.
Aiming: Magic Dart (safe; 3% risk of failure)
Press: ? - help, Shift-Dir - straight line, f - jelly
Aim: a jelly (severely wounded, 100% to hit)
The magic dart hits the jelly.
The jelly is severely wounded.
The jelly hits you. The acid corrodes you!
You are splashed with acid!
You die...

##.)...## #..#
#.......# ##.#
#)......# >.# #.......#
#.# #.......# #..
####....# ###
##..'....# #. ##
#.######## #.#..#
##....)@## #.##.##
#######J# #####..#..###
...JJPJJ.##............
.....J...##............
....÷J..÷##............
...P÷....##.........)..
÷....P.P.##..##....)<..
$P.P...P.##.###.†..)...
###########...[.......#


You could see 2 jellies.

Vanquished Creatures
  2 ball pythons (D:1)
  4 endoplasms
  2 giant cockroaches (D:1)
  3 goblins (D:1)
  5 hobgoblins (D:1)
  2 jackals (D:1)
  13 kobolds
  2 bats
  2 frilled lizards
  8 rats
43 creatures vanquished.

Vanquished Creatures (others)
  A fungus (D:2)
  9 toadstools (D:2)
10 creatures vanquished.

Grand Total: 53 creatures vanquished

Notes
Turn   | Place    | Note
-------+----------+-------------------------------------------
     0 | D:1      | pokeman the Deep Elf Hedge Wizard began the quest for the
                  | Orb.
     0 | D:1      | Reached XP level 1. HP: 10/10 MP: 7/7
   185 | D:1      | Reached XP level 2. HP: 14/15 MP: 2/9
   718 | D:1      | Found a faded altar of an unknown god.
   748 | D:1      | Reached skill level 5 in Spellcasting
  1210 | D:2      | Reached XP level 3. HP: 20/20 MP: 6/11
  1444 | D:2      | Identified the +1 robe of Slimy Creativity {rElec Will-
                  | Int+5 Dex+4}
  1567 | D:2      | Reached skill level 1 in Armour
  1568 | D:2      | Reached skill level 1 in Fighting
  1573 | D:2      | Learned a level 3 spell: Mephitic Cloud
  1576 | D:2      | Learned a level 2 spell: Call Imp
  1579 | D:2      | Learned a level 2 spell: Blink
  1671 | D:2      | Splashed by a jelly's acid

Illustrated notes

Levels and vault maps discovered:
D:1:      saegor_arrival_miasma, layout_basic, ebering_ecumenical_altar_hall,
          minmay_misc_feat_five
D:2:      cheibrodos_fertilizer, layout_rooms

Skill      XL: |  1  2  3 |
---------------+----------+-----
Spellcasting   | 5 |  5.2
Armour         | 1 |  1.0
Fighting       | 1 |  1.0
Dodging        | |  2.4
Stealth        | |  2.4
Conjurations   | |  1.8
Summonings     | |  1.1
Translocations | |  1.1

Action                   || total
-------------------------++-------
Melee: Dagger            ||     4
       Short sword       ||    10
 Cast: Magic Dart        ||    98
Armor: Leather armour    ||     4
       Robe              ||     5
Dodge: Dodged            ||    25

Table legend: (Time is in decaauts)
 A = Elapsed time spent in this place.
 B = Non-inter-level travel time spent in this place.
 C = Inter-level travel time spent in this place.
 D = Time resting spent in this place.
 E = Time spent auto-exploring this place.
 F = Levels seen in this place.
 G = Mean time per level.
                   A        B        C        D        E       F      G
               +--------+--------+--------+--------+--------+-----+--------+
         Total |   1667 |   1643 |     24 |     86 |   1322 |   2 |  833.5 |
       Dungeon |   1667 |   1643 |     24 |     86 |   1322 |   2 |  833.5 |
               +--------+--------+--------+--------+--------+-----+--------+

Top non-repeatable levels by time:
     D:1: 1300 daAuts
     D:2: 367 daAuts
